 Dungeon Crawl Stone Soup version 0.29-a0-337-g68df138881 (webtiles) character file.

Game seed: 7611861323496394040

28655 Essalna the Fighter (level 13, -14/103 HPs)
             Began as a Djinni Conjurer on Apr 16, 2022.
             Was an Elder of Makhleb.
             Demolished by a boulder beetle (48 damage)
             ... on level 4 of the Lair of Beasts.
             The game lasted 00:29:38 (13640 turns).

Essalna the Fighter (Djinni Conjurer)              Turns: 13640, Time: 00:29:38

Health: -14/103    AC:  6    Str:  6    XL:     13   Next: 75%
Gold:   864        EV: 20    Int: 25    God:    Makhleb [****..] SH:  0 Dex: 12

rFire   + + .      SeeInvis .   d - staff of conjuration
rCold   + . .      Faith    .   j - orb {light}
rNeg    . . .      Spirit   .   v - +2 robe {rC+}
rPois   ∞          Reflect  .   n - +0 helmet
rElec   .          Harm     .   (no cloak)
rCorr   .          Rampage  .   (no gloves)
Will    +....                   (boots unavailable)
Stlth   +.........              H - amulet of regeneration
HPRegen 1.07/turn               o - +4 ring of evasion
MPRegen 0.00/turn               M - ring of protection from cold

@: flying, glowing
A: sickness immunity, fire resistance 2, cold vulnerability 1, float, innate
caster, HP casting, extra vitality 1
a: Renounce Religion, Minor Destruction, Lesser Servant of Makhleb, Major
Destruction


You were on level 4 of the Lair of Beasts.
You worshipped Makhleb.
Makhleb was greatly pleased with you.
You visited 3 branches of the dungeon, and saw 15 of its levels.

You collected 864 gold pieces.

Inventory:

Armour
 a - a +0 robe
 j - an orb of light (worn)
 n - a +0 helmet (worn)
 v - a +2 robe of cold resistance (worn)
 I - the +4 chain mail of Vehumet's Reproof {rElec rN+ Int+4 Stlth+}
   (You found it on level 7 of the Dungeon)

   Int:       It affects your intelligence (+4).
   rElec:     It insulates you from electricity.
   rN:        It protects you from negative energy.
   Stlth:     It makes you more stealthy.
 Q - a +0 buckler
Magical Staves
 d - a staff of conjuration (weapon)
Jewellery
 o - a +4 ring of evasion (left hand)
 C - a +6 ring of strength
 H - an amulet of regeneration (around neck)
 J - an amulet of the acrobat
 M - a ring of protection from cold (right hand)
 N - a +6 ring of intelligence
 S - a ring of wizardry
 U - a ring of protection from cold
Wands
 q - a wand of acid (7)
 K - a wand of mindburst (15)
 O - a wand of charming (10)
 P - a wand of flame (15)
Scrolls
 b - 20 scrolls of identify {unknown}
 c - 7 scrolls of teleportation {unknown}
 e - a scroll of enchant armour {unknown}
 f - 2 scrolls of noise {unknown}
 i - a scroll of brand weapon {unknown}
 k - 3 scrolls of vulnerability {unknown}
 u - 3 scrolls of silence {unknown}
 x - 2 scrolls of blinking {unknown}
 y - 3 scrolls of torment {unknown}
 B - a scroll of immolation {unknown}
 D - 5 scrolls of enchant weapon {unknown}
 F - 4 scrolls of magic mapping {unknown}
 L - a scroll of amnesia {unknown}
 R - a scroll of fog {unknown}
 T - a scroll of fear {unknown}
Potions
 g - 2 potions of lignification {unknown}
 h - 6 potions of curing
 l - 2 potions of attraction {unknown}
 m - 3 potions of degeneration {unknown}
 p - 4 potions of mutation {unknown}
 r - 7 potions of flight {unknown}
 s - 4 potions of berserk rage {unknown}
 t - 2 potions of heal wounds {unknown}
 w - 4 potions of brilliance {unknown}
 z - 2 potions of ambrosia {unknown}
 A - a potion of might {unknown}
 E - a potion of cancellation {unknown}
 G - 3 potions of magic {unknown}
 V - a potion of invisibility {unknown}


   Skills:
 + Level 13.3 Fighting
 + Level 8.6 Armour
 + Level 9.8 Dodging
 - Level 1.5 Stealth
 + Level 11.0 Spellcasting


You had 2 spell levels left.
You knew the following spells:

 Your Spells              Type           Power      Damage    Failure   Level
a - Magic Dart            Conj           100%       1d8       1%          1
b - Searing Ray           Conj           100%       2d8       1%          2
c - Dazzling Flash        Conj/Hex       100%       N/A       1%          3
d - Fulminant Prism       Conj/Hex       40%        3d20      1%          4
e - Iskenderun's Mystic   Conj/Tloc      80%        2d16      1%          4
f - Apportation           Tloc           100%       N/A       1%          1
g - Blink                 Tloc           100%       N/A       1%          2
h - Conjure Flame         Conj/Fire      80%        6-21      1%          3
i - Gell's Gravitas       Tloc           62%        N/A       1%          3
j - Ice Form              Ice/Tmut       62%        N/A       1%          4
k - Fireball              Conj/Fire      40%        3d16      1%          5
Your spell library was empty.

Dungeon Overview and Level Annotations

Branches:
Dungeon (10/15)            Temple (1/1) D:6            Lair (4/6) D:10
 Shoals (0/4) Lair:4       Spider (0/4) Lair:4
    Orc: D:9-12

Altars:
Ashenzari
Cheibriados
Elyvilon
Hepliaklqana
Kikubaaqudgha
Makhleb
Okawaru
Qazlal
Sif Muna
Trog
Uskayaw
Vehumet
Wu Jian
Yredelemnul
Zin
The Shining One

Shops:
D:5 ?

Annotations:
D:6 1 runed translucent door


Innate Abilities, Weirdness & Mutations

You are immune to sickness and miasma.
You are immune to poison.
Your flesh is very heat resistant. (rF++)
You are vulnerable to cold. (rC-)
You float through the air rather than walking.
You learn spells naturally, not from books.
Your magical power is your life essence.
You have superior vitality. (+4 MHP)


Message History

A boulder beetle comes into view.
You feel a surge of power!
The fireball explodes!
The fireball engulfs the boulder beetle!
The boulder beetle is lightly wounded.
The boulder beetle curls into a ball and begins rolling!
You feel a surge of power!
The fireball explodes!
The fireball engulfs the boulder beetle.
The boulder beetle is lightly wounded.
You feel a surge of power!
The fireball explodes!
The fireball engulfs the boulder beetle!
The boulder beetle is moderately wounded.
Casting: Fireball (dangerous; 1% risk of failure)
Confirm with . or Enter, or press ? or * to list all spells.
You feel a surge of power!
You erupt in a blast of force!
The mystic blast hits the boulder beetle.
The boulder beetle is moderately wounded.
The boulder beetle is knocked back by the mystic blast.
The boulder beetle slams into the rock wall!
The boulder beetle is moderately wounded.
Casting: Iskenderun's Mystic Blast (mildly dangerous; 1% risk of failure)
Confirm with . or Enter, or press ? or * to list all spells.
You feel a surge of power!
You erupt in a blast of force!
The mystic blast hits the boulder beetle but does no damage.
The boulder beetle is moderately wounded.
The boulder beetle hits you!!!
* * * LOW HITPOINT WARNING * * *
The boulder beetle stops rolling and uncurls.
Okay, then.
Casting: Iskenderun's Mystic Blast (mildly dangerous; 1% risk of failure)
Confirm with . or Enter, or press ? or * to list all spells.
Okay, then.
Unknown command.
Casting: Iskenderun's Mystic Blast (mildly dangerous; 1% risk of failure)
Confirm with . or Enter, or press ? or * to list all spells.
You blink.
* * * LOW HITPOINT WARNING * * *
The boulder beetle curls into a ball and begins rolling!
There is a stone staircase leading down here.
The boulder beetle hits you!!!
You die...
P≈.. ♣.♣ #...#...........# §..≈. ♣.♣ #...###.#+#.##### ≈≈§.♣♣ .♣ #...............## ≈.♣.♣ #######.........#...##.# #.# #.P#.#†...#.#####......# ... #.........## #........
PPP

#....○...## #####.......
#...##B..####.#.....#.##
#.§####@..##.#.#....##.#
#..# ##................#
#.####..............>...
...........#####........
..........### ##.......
#...........# #....#..
#..........## #...####
##.........# #...#
.........# ##..##


You could see a boulder beetle (rolling).

Vanquished Creatures
  3 hydras
  A two-headed ogre (D:8)
  3 death yaks
  3 manticores
  4 elephants (Lair:4)
  A black mamba (Lair:4)
  9 cane toads
  A torpor snail (Lair:1)
  11 rime drakes
  8 komodo dragons
  3 polar bears (Lair:2)
  Prince Ribbit (D:5)
  2 blink frogs (Lair:4)
  2 dream sheep (Lair:4)
  Grinder (D:5)
  A vampire (D:10)
  3 wyverns
  24 yaks
  2 basilisks (Lair:4)
  4 vampire mosquitoes (D:10)
  3 wargs (D:10)
  An acid dragon (D:7)
  8 water moccasins
  2 orc warriors
  Duvessa (D:4)
  7 black bears
  An ice beast (D:6)
  2 sky beasts
  15 wolves
  3 centaurs
  A phantom (D:7)
  4 kobold brigands
  14 bullfrogs
  5 scorpions
  A necrophage (D:7)
  3 wights (D:8)
  Dowan (D:4)
  16 killer bees
  4 howler monkeys
  3 jellies
  2 hounds
  A gnoll shaman (D:9)
  4 orc priests
  2 iguanas
  10 orc wizards
  A hell rat (Lair:4)
  12 gnolls
  6 adders
  3 white imps
  3 ufetubi
  A worm (D:2)
  3 dart slugs
  28 orcs
  4 bats
  9 endoplasms
  A giant cockroach (D:1)
  4 goblins
  5 hobgoblins
  17 kobolds
  2 quokkas
  13 ball pythons
  2 frilled lizards
  2 rats (D:2)
317 creatures vanquished.

Vanquished Creatures (others)
  16 fungi
  33 plants
49 creatures vanquished.

Grand Total: 366 creatures vanquished

Notes
Turn   | Place    | Note
-------+----------+-------------------------------------------
     0 | D:1      | Essalna the Djinni Conjurer began the quest for the Orb.
     0 | D:1      | Reached XP level 1. HP: 15/15 MP: 0/0
   275 | D:1      | Reached XP level 2. HP: 18/22 MP: 0/0
   354 | D:1      | Reached skill level 1 in Fighting
  1240 | D:1      | Reached XP level 3. HP: 24/27 MP: 0/0
  1240 | D:1      | Learned a level 1 spell: Apportation
  1635 | D:2      | Found a glowing silver altar of Zin.
  1747 | D:2      | Reached skill level 2 in Fighting
  2267 | D:2      | Reached XP level 4. HP: 31/33 MP: 0/0
  2685 | D:3      | Found a snail-covered altar of Cheibriados.
  2942 | D:3      | Found a faded altar of an unknown god.
  3433 | D:4      | Reached XP level 5. HP: 34/40 MP: 0/0
  3433 | D:4      | Learned a level 2 spell: Blink
  3476 | D:4      | Reached skill level 3 in Fighting
  3545 | D:4      | Noticed Dowan
  3546 | D:4      | Noticed Duvessa
  3584 | D:4      | Killed Duvessa
  3585 | D:4      | Reached XP level 6. HP: 23/47 MP: 0/0
  3592 | D:4      | Killed Dowan
  3593 | D:4      | Reached skill level 4 in Fighting
  4393 | D:5      | Entered Level 5 of the Dungeon
  4412 | D:5      | Reached skill level 5 in Spellcasting
  4412 | D:5      | Reached XP level 7. HP: 43/53 MP: 0/0
  4412 | D:5      | Learned a level 3 spell: Conjure Flame
  4568 | D:5      | Noticed Grinder
  4591 | D:5      | Killed Grinder
  4592 | D:5      | Reached skill level 5 in Fighting
  4812 | D:5      | Reached XP level 8. HP: 42/60 MP: 0/0
  4821 | D:5      | Reached skill level 6 in Fighting
  5196 | D:5      | Noticed Prince Ribbit
  5204 | D:5      | Killed Prince Ribbit
  5531 | D:5      | Reached skill level 7 in Fighting
  5556 | D:5      | Found Qona's Magic Scroll Shop.
  5859 | D:6      | Noticed a human
  5865 | D:6      | Reached XP level 9. HP: 63/68 MP: 0/0
  5865 | D:6      | Learned a level 3 spell: Gell's Gravitas
  5889 | D:6      | Found a runed translucent door.
  5893 | D:6      | Found a basalt altar of Yredelemnul.
  5919 | D:6      | Found a staircase to the Ecumenical Temple.
  5931 | D:6      | Noticed a manticore
  6813 | D:6      | Reached skill level 8 in Fighting
  6816 | D:6      | Killed a manticore
  7143 | Temple   | Entered the Ecumenical Temple
  7267 | Temple   | Became a worshipper of Makhleb the Destroyer
  7581 | D:7      | Identified the +4 chain mail of Vehumet's Reproof {rElec
                  | rN+ Int+4 Stlth+}
  7593 | D:7      | Reached skill level 9 in Fighting
  7596 | D:7      | Reached XP level 10. HP: 63/78 MP: 0/0
  7758 | D:7      | Reached * piety under Makhleb
  7865 | D:7      | Found an ornate altar of the Wu Jian Council.
  7868 | D:7      | Found a glowing silver altar of Zin.
  8169 | D:8      | You are sucked into a shaft and drop 2 floors!
  8169 | D:10     | Entered Level 10 of the Dungeon
  8252 | D:8      | Noticed a two-headed ogre
  8262 | D:8      | Killed a two-headed ogre
  8263 | D:8      | Reached skill level 10 in Fighting
  8348 | D:8      | Reached skill level 1 in Armour
  9076 | D:9      | Reached XP level 11. HP: 85/86 MP: 0/0
  9076 | D:9      | Learned a level 4 spell: Ice Form
  9383 | D:9      | Reached ** piety under Makhleb
  9456 | D:9      | Found a hide-covered altar of Uskayaw.
  9458 | D:9      | Found a white marble altar of Elyvilon.
  9638 | D:9      | Found a hazy altar of Hepliaklqana.
  9640 | D:9      | Found a broken altar of Ashenzari.
  9861 | D:10     | Reached skill level 11 in Fighting
  9948 | D:10     | Reached skill level 5 in Dodging
 10432 | D:10     | Found a staircase to the Lair.
 10542 | Lair:1   | Entered Level 1 of the Lair of Beasts
 10548 | Lair:1   | Noticed a death yak
 10552 | Lair:1   | Noticed a death yak
 10572 | D:10     | Killed a death yak
 10611 | D:10     | Killed a death yak
 10831 | Lair:1   | Reached skill level 5 in Armour
 10842 | Lair:1   | Reached XP level 12. HP: 49/94 MP: 0/0
 10963 | Lair:1   | Reached *** piety under Makhleb
 11597 | Lair:2   | Reached skill level 12 in Fighting
 11618 | Lair:2   | Reached skill level 10 in Spellcasting
 11625 | Lair:2   | Noticed a five-headed hydra
 11637 | Lair:2   | Killed a five-headed hydra
 12244 | Lair:3   | Noticed a seven-headed hydra
 12252 | Lair:3   | Killed a seven-headed hydra
 12412 | Lair:3   | Found a bloodstained altar of Trog.
 12885 | Lair:4   | Noticed a six-headed hydra
 12916 | Lair:4   | Reached XP level 13. HP: 102/102 MP: 0/0
 12916 | Lair:4   | Learned a level 5 spell: Fireball
 13013 | Lair:4   | Killed a six-headed hydra
 13013 | Lair:4   | Reached **** piety under Makhleb
 13022 | Lair:4   | Noticed a catoblepas
 13133 | Lair:4   | Reached skill level 13 in Fighting
 13211 | Lair:4   | Found a hole to the Spider Nest.
 13557 | Lair:4   | Found a staircase to the Shoals.
 13629 | Lair:4   | Noticed a boulder beetle
 13640 | Lair:4   | Demolished by a boulder beetle

Illustrated notes

Levels and vault maps discovered:
D:1:      ebering_hopf_link, layout_basic, chequers_decorated_corner,
          st_stairs_13
D:2:      layout_loops_corners, basic_altar
D:3:      layout_basic, gammafunk_temple_overflow_elements,
          shapermc_ecumenical_altar_starsandcircs
D:4:      layout_loops_ring, uniq_duvessa
D:5:      layout_basic, serial_shops, nicolae_lakefront_shop,
          corexii_corridor_pit, uniq_prince_ribbit1, uniq_grinder
D:6:      layout_rooms, dk_yredelemnul_ordeal, minmay_temple_entry_mist,
          roderic_lattice_a
D:7:      layout_rooms, gammafunk_temple_overflow_pools, chequers_garden
D:8:      layout_basic
D:9:      layout_loops_ring, chequers_temple_overflow_statue_of_worship,
          grunt_temple_overflow_open
D:10:     layout_long_grid, erik_lair_orcish_takeover
Temple:   minmay_temple_forest_path
Lair:1:   layout_small_grid, lemuel_fruit_tree
Lair:2:   beast_lair_carwin_large_2, layout_misc_corridors
Lair:3:   layout_loops_ring, basic_altar, nicolae_lair_lil_pond
Lair:4:   nzn_winding_woodlands_stair_cross [nzn_winding_woodlands_5x15_twine,
          nzn_winding_woodlands_center_garden,
          nzn_winding_woodlands_5x15_lazy_stream,
          nzn_winding_woodlands_5x5_three, nzn_winding_woodlands_5x5_perimeter,
          nzn_winding_woodlands_5x15_split_checker,
          nzn_winding_woodlands_center_pierced_h,
          nzn_winding_woodlands_5x15_garden], layout_small_grid,
          minmay_shoals_entry_beasts, spider_nest_entry_web_field, minmay_holes,
          hangedman_lair_generics_rect

Skill      XL: |  1  2  3  4  5  6  7  8  9 10 11 12 13 |
---------------+----------------------------------------+-----
Fighting       | 1 2 3 4 5 7 9 10 11 12 13 | 13.3
Spellcasting   | 4 5 6 7 9 10 11 | 11.0
Armour         | 2 5 7 8 |  8.6
Dodging        | 3 6 8 9 |  9.8
Stealth        | |  1.5

Action                   |  1- 3 |  4- 6 |  7- 9 | 10-12 | 13-15 || total
-------------------------+-------+-------+-------+-------+-------++-------
Melee: Unarmed           |       |       |       |    34 |       ||    34
 Cast: Magic Dart        |    60 |    69 |    99 |   286 |     1 ||   515
       Searing Ray       |       |     5 |    14 |    10 |       ||    29
       Blink             |       |     1 |       |       |     1 ||     2
       Conjure Flame     |       |       |     3 |       |       ||     3
       Iskenderun's Myst |       |       |    15 |   160 |    28 ||   203
       Gell's Gravitas   |       |       |     5 |       |       ||     5
       Ice Form          |       |       |       |     9 |     5 ||    14
       Fireball          |       |       |       |       |    57 ||    57
Armor: Robe              |       |     2 |    11 |    13 |       ||    26
       Skin              |       |       |       |    21 |     2 ||    23
Dodge: Dodged            |       |     7 |    54 |   139 |     3 ||   203

Table legend: (Time is in decaauts)
 A = Elapsed time spent in this place.
 B = Non-inter-level travel time spent in this place.
 C = Inter-level travel time spent in this place.
 D = Time resting spent in this place.
 E = Time spent auto-exploring this place.
 F = Levels seen in this place.
 G = Mean time per level.
                   A        B        C        D        E       F      G
               +--------+--------+--------+--------+--------+-----+--------+
         Total |  13652 |  13172 |    480 |    259 |  11183 |  15 |  910.1 |
       Dungeon |  10451 |  10122 |    329 |    259 |   8637 |  10 | 1045.1 |
        Temple |    172 |    120 |     52 |      0 |    113 |   1 |  172.0 |
          Lair |   3027 |   2928 |     99 |      0 |   2433 |   4 |  756.8 |
               +--------+--------+--------+--------+--------+-----+--------+

Top non-repeatable levels by time:
     D:5: 1635 daAuts
     D:1: 1385 daAuts
     D:6: 1246 daAuts
     D:2: 1100 daAuts
     D:4: 1035 daAuts
    D:10: 908 daAuts
     D:8: 883 daAuts
     D:3: 869 daAuts
  Lair:3: 798 daAuts
  Lair:1: 772 daAuts
  Lair:4: 750 daAuts
     D:9: 709 daAuts
  Lair:2: 706 daAuts
     D:7: 677 daAuts
  Temple: 172 daAuts
